 Dungeon Crawl Stone Soup version 0.31-a0-1-g4198be8af4 (webtiles) character file.

Game seed: 881682682631981260

211 qeuew the Covert (level 5, -5/25 HPs)
             Began as a Spriggan Brigand on May 1, 2023.
             Slain by a black bear (8 damage)
             ... on level 4 of the Dungeon.
             The game lasted 00:02:39 (1882 turns).

qeuew the Covert (Spriggan Brigand)                 Turns: 1882, Time: 00:02:42

Health: -5/25      AC:  3    Str:  7    XL:     5   Next: 57%
Magic:  6/6        EV: 19    Int: 12    God:
Gold:   105        SH:  0    Dex: 25    Spells: 4/4 levels left

rFire   . . .        m - +6 short sword
rCold   . . .        (no shield)
rNeg    . . .        b - +0 robe
rPois   .            (helmet restricted)
rElec   .            c - +0 cloak
rCorr   .            (gloves unavailable)
SInv    +            (boots unavailable)
Will    .....        (no amulet)
Stlth   ++++         i - +6 ring of dexterity
HPRegen 0.24/turn    (no ring)
MPRegen 0.10/turn

%: no passive effects
@: very quick
A: very small, no large weapons, unfitting armour, see invisible, speed 3
a: no special abilities


You were on level 4 of the Dungeon.
You visited 1 branch of the dungeon, and saw 4 of its levels.

You collected 105 gold pieces.

Inventory:

Hand Weapons
 a - a +2 dagger
 m - a +6 short sword (weapon)
Missiles
 d - 21 poisoned darts (quivered)
 e - 3 curare-tipped darts
Armour
 b - a +0 robe (worn)
 c - a +0 cloak (worn)
Jewellery
 i - a +6 ring of dexterity (left hand)
Wands
 k - a wand of roots (11)
Scrolls
 f - 4 scrolls of teleportation
 o - a scroll of magic mapping
Potions
 g - 3 potions of curing
 h - 3 potions of mutation
 j - 2 potions of heal wounds


   Skills:
 - Level 1.5 Fighting
 * Level 4.4 Short Blades
 - Level 2.0 Throwing
 + Level 3.4 Dodging
 * Level 8.1 Stealth


You had 4 spell levels left.
You didn't know any spells.
Your spell library contained the following spells:

 Spells                   Type           Power      Damage    Failure   Level
 Freeze                   Ice            0%         1d3       32%         1
 Frozen Ramparts          Ice            0%         1d1       69%         3
 Hailstorm                Conj/Ice       0%         3d3       69%         3
 Conjure Ball Lightning   Conj/Air       0%         3x3d6     100%        6
 Discord                  Hex            0%         N/A       100%        8
 Disjunction              Tloc           0%         N/A       100%        8


Dungeon Overview and Level Annotations

Branches:
Dungeon (4/15)
 Temple: D:4-7

Altars:
Kikubaaqudgha

Shops:
D:3 =


Innate Abilities, Weirdness & Mutations

You are very small and have problems with some larger weapons.
You are too small for most types of armour.
You have supernaturally acute eyesight. (SInv)
You cover ground extremely quickly. (Speed+++)


Message History

A scorpion comes into view.
The black bear closely misses you. The black bear claws you.
The black bear claws you but does no damage.
You barely miss the black bear.
The black bear is moderately wounded.
The black bear misses you. x2; The black bear claws you.
You closely miss the black bear.
The black bear is moderately wounded.
The black bear misses you.
The black bear claws you but does no damage.
The black bear claws you.
You barely miss the black bear.
The black bear is moderately wounded.
You hit the black bear.
The black bear is heavily wounded.
The black bear completely misses you. The black bear barely misses you. x2
You hit the black bear.
The black bear is severely wounded.
The black bear goes berserk!
The scorpion barely misses you.
You hit the black bear but do no damage.
The black bear is severely wounded.
The black bear bites you. The black bear barely misses you.
The black bear claws you but does no damage.
The scorpion misses you.
You barely miss the black bear.
The black bear is severely wounded.
The black bear completely misses you. The black bear closely misses you.
The black bear claws you. The scorpion stings you!
* * * LOW HITPOINT WARNING * * *
You are too injured to fight recklessly!
There are monsters nearby!
You are too injured to fight recklessly!
Unknown command.
You hit the black bear.
The black bear is almost dead.
The black bear bites you.
* * * LOW HITPOINT WARNING * * *
The black bear claws you but does no damage. x2
The scorpion misses you. The black bear bites you!
You die...

#..# # #..# #. #..####
###.#####.#.#.### +
##.#...#.#.#...#.#.# #
##..#.#.#...........#.##
.##.......##.....##.....
......#...............#.
.#....#....#.###@#....#
......#........hs.....#
.##.......##.....##.....
....#.#.#......... .#.#.
#.#.#...#.#.#...#. #...
#...........#.#. .. ..
..##.....##..... .#
..............#. ..
...#.###.#....


You could see a black bear (berserk) and a scorpion.

Vanquished Creatures
  An ogre (D:4)
  5 adders
  A worm (D:3)
  3 dart slugs
  2 orcs (D:3)
  5 ball pythons
  3 bats
  9 endoplasms
  A giant cockroach (D:3)
  8 hobgoblins
  10 jackals
  7 kobolds
  2 quokkas
  2 frilled lizards
  5 goblins
  4 rats
68 creatures vanquished.

Notes
Turn   | Place    | Note
-------+----------+-------------------------------------------
     0 | D:1      | qeuew the Spriggan Brigand began the quest for the Orb.
     0 | D:1      | Reached XP level 1. HP: 10/10 MP: 2/2
    65 | D:1      | Reached skill level 6 in Stealth
   129 | D:1      | Reached XP level 2. HP: 10/14 MP: 3/3
   534 | D:1      | Reached XP level 3. HP: 18/18 MP: 4/4
  1139 | D:2      | Reached skill level 7 in Stealth
  1204 | D:3      | Reached XP level 4. HP: 22/22 MP: 5/5
  1296 | D:3      | Found an ancient bone altar of Kikubaaqudgha.
  1716 | D:3      | Found Xaox Kofoe's Jewellery Emporium.
  1831 | D:4      | Noticed an ogre
  1841 | D:4      | Killed an ogre
  1842 | D:4      | Reached skill level 8 in Stealth
  1842 | D:4      | Reached XP level 5. HP: 25/25 MP: 6/6
  1870 | D:4      | Noticed a black bear
  1882 | D:4      | Slain by a black bear

Illustrated notes

Levels and vault maps discovered:
D:1:      dpeg_arrival_lava_temple_mockup, layout_basic, minmay_box_of_dots
D:2:      layout_rooms
D:3:      layout_rooms, mainiacjoe_overflow_cross_hatched, serial_shops, shop
D:4:      nicolae_cairo_tiling_large_dashed, layout_loops_corners,
          overflow_temple_1_default, lemuel_coloured_pillars_altar,
          minmay_temple_entry_crystal_x, minmay_misc_feat_columns,
          minmay_misc_feat_roman, kennysheep_opposing_triangles

Skill      XL: |  1  2  3  4 |
---------------+-------------+-----
Stealth        | 6 7 8 |  8.1
Dodging        | 2 3 |  3.4
Short Blades   | 3 4 |  4.4
Fighting       | |  1.5
Throwing       | |  2.0

Action                     |  1- 3 |  4- 6 || total
---------------------------+-------+-------++-------
  Melee: Dagger            |   135 |    30 ||   165
         Short sword       |       |    60 ||    60
         Punch             |       |     1 ||     1
    Use: Scroll            |     5 |     4 ||     9
         Potion            |     3 |     1 ||     4
   Stab: Sleeping          |     8 |     6 ||    14
         Distracted        |     1 |       ||     1
 Armour: Robe              |    25 |    25 ||    50
  Dodge: Dodged            |   131 |    88 ||   219

Table legend: (Time is in decaauts)
 A = Elapsed time spent in this place.
 B = Non-inter-level travel time spent in this place.
 C = Inter-level travel time spent in this place.
 D = Time resting spent in this place.
 E = Time spent auto-exploring this place.
 F = Levels seen in this place.
 G = Mean time per level.
                   A        B        C        D        E       F      G
               +--------+--------+--------+--------+--------+-----+--------+
         Total |   1308 |   1273 |     35 |      7 |    900 |   4 |  327.0 |
       Dungeon |   1308 |   1273 |     35 |      7 |    900 |   4 |  327.0 |
               +--------+--------+--------+--------+--------+-----+--------+

Top non-repeatable levels by time:
     D:1: 566 daAuts
     D:3: 417 daAuts
     D:2: 244 daAuts
     D:4: 79 daAuts
